 Dungeon Crawl Stone Soup version 0.28-a0-1406-ga8dd43b1d0 (webtiles) character file.

Game seed: 2757587201692883781

566 Peloso the Covered (level 7, -14/61 HPs)
             Began as a Minotaur Fighter on Jan 6, 2022.
             Demolished by a centaur (15 damage)
             ... on level 5 of the Dungeon.
             The game lasted 00:04:09 (4380 turns).

Peloso the Covered (Minotaur Fighter)               Turns: 4380, Time: 00:04:09

Health: -14/61     AC:  7    Str: 20    XL:     7   Next: 10%
Magic:  6/6        EV: 10    Int:  5    God:
Gold:   273        SH:  5    Dex: 12    Spells: 6/6 levels left

rFire   . . .      SeeInvis .   a - +0 long sword
rCold   . . .      Faith    .   c - +0 buckler
rNeg    . . .      Spirit   .   b - +0 scale mail
rPois   .          Reflect  .   (helmet restricted)
rElec   .          Harm     .   (no cloak)
rCorr   .          Rampage  .   (no gloves)
Will    .....                   (no boots)
Stlth   ..........              (no amulet)
HPRegen 0.20/turn               (no ring)
MPRegen 0.10/turn               (no ring)

@: no status effects
A: horns 2, retaliatory headbutt
a: no special abilities


You were on level 5 of the Dungeon.
You visited 1 branch of the dungeon, and saw 5 of its levels.

You collected 273 gold pieces.

Inventory:

Hand Weapons
 a - a +0 long sword (weapon)
Armour
 b - a +0 scale mail (worn)
 c - a +0 buckler (worn)
Wands
 m - a wand of digging (5)
Scrolls
 f - a scroll of fear {unknown}
 i - 3 scrolls of teleportation {unknown}
 k - a scroll of blinking {unknown}
Potions
 d - 4 potions of might
 e - 2 potions of lignification {unknown}
 g - 2 potions of magic {unknown}
 h - a potion of heal wounds {unknown}
 j - a potion of flight {unknown}
 l - a potion of brilliance {unknown}
 n - a potion of resistance {unknown}
 o - a potion of mutation {unknown}


   Skills:
 + Level 5.2 Fighting
 + Level 5.5 Long Blades
 + Level 6.7 Armour
 + Level 1.7 Dodging
 + Level 0.5 Stealth
 + Level 4.1 Shields


You had 6 spell levels left.
You didn't know any spells.
Your spell library contained the following spells:

 Spells                   Type           Power      Damage    Failure   Level
 Shock                    Conj/Air       0%         1d3       88%         1
 Swiftness                Air            0%         N/A       99%         3
 Airstrike                Air            0%         N/A       100%        4


Dungeon Overview and Level Annotations

Branches:
Dungeon (5/15)
 Temple: D:4-7

Altars:

Shops:
D:3 (

Annotations:
D:3 2 transporters, Taliesin42's ghost, amateur TrEE


Innate Abilities, Weirdness & Mutations

You have a pair of horns on your head.
You reflexively headbutt those who attack you in melee.


Message History

You kill the ogre!
The centaur unwields a +0 glaive.
The centaur wields a +0 shortbow.
The centaur shoots an arrow.
The arrow hits you but does no damage.
The centaur shoots an arrow.
You block the arrow. The orc hits you but does no damage.
You have reached level 7!
You hit the orc. Your headbutt misses the orc.
The orc is heavily wounded.
The orc barely misses you. You furiously retaliate!
You headbutt the orc.
You kill the orc!
The orc barely misses you.
You barely miss the centaur.
The centaur unwields a +0 shortbow.
The centaur wields a +0 glaive.
The centaur barely misses you. x2
The orc barely misses you.
You hit the centaur.
The centaur is lightly wounded.
The centaur barely misses you. The centaur misses you.
The orc priest invokes the aid of Beogh against you.
Beogh smites you!
* * * LOW HITPOINT WARNING * * *
The orc priest calls down the wrath of Beogh upon you.
Beogh smites you!
* * * LOW HITPOINT WARNING * * *
The orc closely misses you. The centaur barely misses you.
You furiously retaliate!
You headbutt the centaur!
The centaur kicks you but does no damage.
You hit the centaur but do no damage.
The centaur is heavily wounded.
You block the centaur's attack.
The centaur kicks you but does no damage.
The orc hits you but does no damage. The centaur barely misses you.
The centaur misses you.
Unknown command.
You hit the centaur.
The centaur is heavily wounded.
The centaur closely misses you. You furiously retaliate!
You headbutt the centaur. The centaur kicks you.
* * * LOW HITPOINT WARNING * * *
You block the orc's attack. The centaur hits you with a +0 glaive!
You die...

#........
##........
#......... ##
#......... .###
#......Oo. ...###
#.o<....oo
.....####
#ooo......
........### #c#
..........### ##@#
............###?.#
.........##.....##
........######..#
........# ##.#
.......## ##.#
#.###### ..# ###
#... ....


You could see a centaur, an orc priest and 3 orcs.

Vanquished Creatures
  3 ogres
  A phantom (D:4)
  A centaur skeleton (D:5)
  A hound (D:5)
  2 orc wizards
  3 adders
  A gnoll (D:1)
  An adder skeleton (D:4)
  A worm (D:4)
  2 dart slugs (D:1)
  13 orcs
  7 bats
  7 endoplasms
  2 giant cockroaches
  2 goblins
  4 hobgoblins
  10 kobolds
  2 quokkas
  4 ball pythons
  4 frilled lizards
  6 rats
77 creatures vanquished.

Vanquished Creatures (others)
  A plant (D:5)
1 creature vanquished.

Grand Total: 78 creatures vanquished

Notes
Turn   | Place    | Note
-------+----------+-------------------------------------------
     0 | D:1      | Peloso the Minotaur Fighter began the quest for the Orb.
     0 | D:1      | Reached XP level 1. HP: 19/19 MP: 0/0
   119 | D:1      | Reached skill level 4 in Armour
   131 | D:1      | Reached XP level 2. HP: 19/27 MP: 1/1
   650 | D:1      | Found a faded altar of an unknown god.
   655 | D:1      | Reached XP level 3. HP: 24/33 MP: 2/2
  2078 | D:3      | Reached XP level 4. HP: 19/41 MP: 3/3
  2294 | D:3      | Reached skill level 1 in Dodging
  2298 | D:3      | Found Gaatoiw's Weapon Emporium.
  2319 | D:3      | Noticed Taliesin42's ghost (amateur TrEE)
  2322 | D:3      | Found a transporter.
  2333 | D:3      | Found a transporter.
  2979 | D:4      | Reached skill level 5 in Armour
  3052 | D:4      | Noticed an ogre
  3076 | D:4      | Killed an ogre
  3077 | D:4      | Reached XP level 5. HP: 31/47 MP: 4/4
  3827 | D:4      | Noticed a phantom
  3840 | D:4      | Killed a phantom
  3841 | D:4      | Reached skill level 5 in Fighting
  3841 | D:4      | Reached XP level 6. HP: 37/56 MP: 5/5
  4130 | D:5      | Entered Level 5 of the Dungeon
  4155 | D:5      | Reached skill level 5 in Long Blades
  4155 | D:5      | Reached skill level 6 in Armour
  4376 | D:5      | Reached XP level 7. HP: 27/61 MP: 6/6
  4378 | D:5      | HP: 1/61 [orc priest/divine providence (12)]
  4380 | D:5      | Demolished by a centaur

Illustrated notes

Levels and vault maps discovered:
D:1:      sevenhm_arrival_forest_fort_small_4, layout_loops_ring,
          dreamdust_ecumenical_altar_hidden_monk_grotto, minmay_misc_feat_square
D:2:      layout_loops_corners
D:3:      layout_basic, gammafunk_ghost_arena, serial_shops, shop
D:4:      layout_basic, minivault_5
D:5:      layout_cave_pods, minivault_11, minmay_misc_feat_five, nrook_campfire,
          saegor_snake_ambush, uniq_pikel, uniq_blork_the_orc

Skill      XL: |  1  2  3  4  5  6 |
---------------+-------------------+-----
Armour         | 4 5 6 |  6.7
Fighting       | 4 5 |  5.2
Long Blades    | 3 4 5 |  5.5
Dodging        | 1 |  1.7
Shields        | 4 |  4.1
Stealth        | |  0.5

Action                   |  1- 3 |  4- 6 |  7- 9 || total
-------------------------+-------+-------+-------++-------
Melee: Long sword        |   102 |    96 |     5 ||   203
       Headbutt          |    10 |    22 |       ||    32
  Use: Potion            |     1 |       |       ||     1
Armor: Scale mail        |    56 |    34 |     3 ||    93
Dodge: Dodged            |    34 |    53 |    12 ||    99
Block: Buckler           |    15 |    21 |     2 ||    38

Table legend: (Time is in decaauts)
 A = Elapsed time spent in this place.
 B = Non-inter-level travel time spent in this place.
 C = Inter-level travel time spent in this place.
 D = Time resting spent in this place.
 E = Time spent auto-exploring this place.
 F = Levels seen in this place.
 G = Mean time per level.
                   A        B        C        D        E       F      G
               +--------+--------+--------+--------+--------+-----+--------+
         Total |   4440 |   4323 |    117 |      0 |   3636 |   5 |  888.0 |
       Dungeon |   4440 |   4323 |    117 |      0 |   3636 |   5 |  888.0 |
               +--------+--------+--------+--------+--------+-----+--------+

Top non-repeatable levels by time:
     D:4: 1314 daAuts
     D:1: 1039 daAuts
     D:2: 1002 daAuts
     D:3: 819 daAuts
     D:5: 263 daAuts
